 Dungeon Crawl Stone Soup version 0.30.1-11-g7821555f0a (webtiles) character file.

Game seed: 4888243962050439905

7 CaptainMV the Digger (level 2, -4/25 HPs)
             Began as a Naga Wanderer on Jan 16, 2024.
             Slain by a quokka (5 damage)
             ... on level 1 of the Dungeon.
             The game lasted 00:01:29 (74 turns).

CaptainMV the Digger (Naga Wanderer)                  Turns: 74, Time: 00:01:29

Health: -4/25      AC:  2    Str: 17    XL:     2   Next: 0%
Magic:  1/3        EV:  9    Int: 12    God:
Gold:   0          SH:  0    Dex:  7    Spells: 2/3 levels left

rFire   . . .        a - +1 club
rCold   . . .        (no shield)
rNeg    . . .        d - +0 leather armour
rPois   +            (no helmet)
rElec   .            (no cloak)
rCorr   .            (no gloves)
SInv    +            (no barding)
Will    .....        (no amulet)
Stlth   +            (no ring)
HPRegen 0.24/turn    (no ring)
MPRegen 0.08/turn

%: no passive effects
@: very slow
A: AC +0, large, see invisible, deformed body, poison resistance, slowness 2,
spit poison 1, naga tail 1
a: Spit Poison


You were on level 1 of the Dungeon.
You visited 1 branch of the dungeon, and saw 1 of its levels.

Inventory:

Hand Weapons
 a - a +1 club (weapon)
Armour
 d - a +0 leather armour (worn)
Scrolls
 b - a scroll of fear


   Skills:
 + Level 1.0 Fighting
 + Level 1.5 Armour
 + Level 1.0 Spellcasting
 + Level 2.0 Transmutations
 + Level 4.3 Earth Magic


You had 2 spell levels left.
You knew the following spells:

 Your Spells              Type           Power      Damage    Failure   Level
a - Sandblast             Erth           22%        2d7       6%          1

Your spell library contained the following spells:

 Spells                   Type           Power      Damage    Failure   Level
 Passwall                 Tmut/Erth      6%         N/A       14%         2
 Wereblood                Tmut           5%         N/A       24%         2
 Stone Arrow              Conj/Erth      10%        3d7       41%         3


Dungeon Overview and Level Annotations

Branches:
Dungeon (1/15)

Altars:


Innate Abilities, Weirdness & Mutations

Your serpentine skin is tough. (AC +0)
You have supernaturally acute eyesight. (SInv)
Armour fits poorly on your strangely shaped body.
Your system is resistant to poisons. (rPois)
You cover ground very slowly.
You can spit poison.
You have a snake-like lower body.


Message History

A ball python and a rat come into view.
Found a robe and 13 gold pieces.
The frilled lizard barely misses you. The rat completely misses you.
The frilled lizard attacks as you move away!
The frilled lizard bites you.
There is an open door here.
Aiming: Spit Poison (3% risk of failure)
Press: ? - help, Shift-Dir - straight line, f - frilled lizard
Aim: a frilled lizard (31% to hit)
The splash of poison misses the frilled lizard.
The splash of poison misses the quokka.
The frilled lizard bites you.
Casting: Sandblast (safe; 6% risk of failure)
Confirm with . or Enter, or press ? or * to list all spells.
Aiming: Sandblast (safe; 6% risk of failure)
Press: ? - help, Shift-Dir - straight line, f/p - frilled lizard
Aim: a frilled lizard (70% to hit)
The blast of sand hits the frilled lizard!
You kill the frilled lizard!
The ball python bites you but does no damage.
You hit the ball python.
You kill the ball python!
The quokka bites you.
You have reached level 2!
You closely miss the quokka. The quokka bites you.
You barely miss the quokka. The quokka bites you. x2
You closely miss the quokka.
You have got your breath back.
The quokka bites you.
* * * LOW HITPOINT WARNING * * *
You closely miss the quokka.
The quokka bites you but does no damage.
The quokka bites you.
* * * LOW HITPOINT WARNING * * *
You miss the quokka. The quokka bites you.
* * * LOW HITPOINT WARNING * * *
The quokka bites you but does no damage.
You hit the quokka.
The quokka is heavily wounded.
The quokka bites you.
You die...

######### #..$.....
#........
##############......[.
###...........##........
.........)....@rr.......
#...........##........
#...........##........
#...........##........
####'#########........
#.# #.....$.. ########.#
#........
#........#######
.........
#.#####........#


You could see a quokka and a rat.

Vanquished Creatures
  2 ball pythons (D:1)
  A bat (D:1)
  A goblin (D:1)
  A frilled lizard (D:1)
  A rat (D:1)
6 creatures vanquished.

Notes
Turn   | Place    | Note
-------+----------+-------------------------------------------
     0 | D:1      | CaptainMV the Naga Wanderer began the quest for the Orb.
     0 | D:1      | CaptainMV set off with the following items: a +0 club, a
                  | scroll of fear, a +0 ring mail; and the following spell
                  | memorised: Sandblast; and the following spells available to
                  | memorise: Passwall, Wereblood, Stone Arrow.
     0 | D:1      | Reached XP level 1. HP: 18/18 MP: 2/2
    69 | D:1      | Reached XP level 2. HP: 17/25 MP: 0/3
    73 | D:1      | HP: 1/25 [quokka (4)]
    74 | D:1      | Slain by a quokka

Illustrated notes

Levels and vault maps discovered:
D:1:      ebering_trefoil_3fold, layout_basic, minmay_tromino_i4

Action                     || total
---------------------------++-------
  Melee: Club              ||     7
   Cast: Sandblast         ||     4
Ability: Spit Poison       ||     2
    Use: Scroll            ||     1
 Armour: Leather armour    ||     4
  Dodge: Dodged            ||     3
